 Dungeon Sprint DCSS version 0.17-a0-1769-g54adf96 (webtiles) character file.

19100000 ztt the Plane Walker (level 27, -6/273 HPs)
             Began as a Ghoul Warper on Sept 7, 2015.
             Was the Champion of Makhleb.
             Mangled by a fleshlord
             ... wielding a +9 great mace
              (62 damage)
             ... in the Dungeon (Sprint VIII: "Arena of Blood").
             The game lasted 00:03:06 (191 turns).

ztt the Plane Walker (Ghoul Warper)                  Turns: 191, Time: 00:03:06

Health: -6/273     AC:  6    Str: 19    XL:     27
Magic:  53/53      EV: 32    Int:  8    God:    Makhleb [******]
Gold:   0          SH:  0    Dex: 17    Spells: 1 memorised, 79 levels left

rFire  . . .     SeeInvis +     l - +∞ Axe of Woe
rCold  + . .     Clarity  .     b - +0 leather armour
rNeg   + + +     SustAt   .     (no shield)
rPois  ∞         Gourm    .     (no helmet)
rElec  .         Spirit   .     (no cloak)
rCorr  .         Warding  .     (no gloves)
rMut   .         NoTele   +     (no boots)
MR     ++...                    (no amulet)
Stlth  +++++++++.               (no ring)
                                m - ring of see invisible

@: rotting, slowed, very slow, very resistant to hostile enchantments,
incredibly stealthy
A: rotting body, claws 1, carnivore 3, cold resistance 1, negative energy
resistance 3, slow healing 1, torment resistance, unbreathing
a: Minor Destruction, Lesser Servant of Makhleb, Major Destruction, Greater
Servant of Makhleb, Renounce Religion


You were in the Dungeon.
You worshipped Makhleb.
Makhleb was exalted by your worship.
You were not hungry.

You visited 1 branch

Inventory:

Hand weapons
 a - a +0 hand axe
 l - the +∞ Axe of Woe (weapon)
   (You found it in the Dungeon)
Missiles
 e - 5 tomahawks of dispersal (quivered)
Armour
 b - a +0 leather armour (worn)
Jewellery
 m - a ring of see invisible (left claw)
 n - a +30 ring of slaying
 o - a +30 ring of slaying
Scrolls
 d - 2 scrolls of blinking
Potions
 g - a potion of curing
 h - a potion of heal wounds
 i - a potion of haste
 j - 2 potions of magic
 k - a potion of berserk rage
Books
 c - a book of Spatial Translocations

   Spells                             Type                      Level
   a - Apportation                    Translocation                1
   b - Blink                          Translocation                2
   c - Shroud of Golubria             Charms/Translocation         2
   d - Portal Projectile              Translocation                3
   e - Teleport Other                 Translocation                3
   f - Passage of Golubria            Translocation                4
Comestibles
 f - a meat ration


   Skills:
 O Level 27 Fighting
 O Level 27 Axes
 O Level 27 Throwing
 O Level 27 Armour
 O Level 27 Dodging
 O Level 27 Stealth
 O Level 27 Unarmed Combat
 O Level 27 Spellcasting
 O Level 27 Translocations
 O Level 27 Invocations


You had 79 spell levels left.
You knew the following spells:

 Your Spells              Type           Power        Failure   Level  Hunger
a - Apportation           Tloc           ######....   0%          1    None


Dungeon Overview and Level Annotations

Branches:
Dungeon (1/1)

Altars:
Makhleb

Annotations:
D The Defiler


Innate Abilities, Weirdness & Mutations

Your body is rotting away.
You thrive on raw meat.
You are immune to poison.
You have sharp fingernails.
You are carnivorous and can eat meat at any time.
Your flesh is cold resistant.
You are immune to negative energy.
You heal slowly when monsters are visible.
You are immune to unholy pain and torment.
You can survive without breathing.


Message History

The fleshlord seems to speed up.
You hear a shout! x5
The destroyer blinks!
The observer gazes at you. The bolt of fire hits you!
You hear a shout!
Unknown command.
Unknown command.
You hear a shout! x9
The observer gazes at you.
The fireball explodes!
The fireball engulfs you!
You hear a shout! x3
The observer pulsates ominously.
The observer gazes at you.
The fireball explodes!
The fireball engulfs the fleshlord.
The fleshlord completely resists.
The fireball engulfs you!
* * * LOW HITPOINT WARNING * * *
You hear a shout!
The fleshlord hits you with a +9 great mace!!!
You die...

#..................#.
#..................#.
#....W....#......%...
#......M.#)#.#.......
#§.....)).#)#........
#..###.)D#.#)#.....))
#.%.§##.p.#.#).)..#).
#..)§§#pV.....X.)..).
#..%@p§O##.......##.#
####§§§G.##....X....§
####..%...####....
####...........
####........ ##.....
####


You could see a destroyer, an observer (invisible), 2 fleshlords and a meat
berserker (berserk).

Vanquished Creatures
  4 hell knights (D)
  2 hell beasts (D)
  4 greater mummies (D)
  A great orb of eyes (D)
  5 wraiths (D)
  11 vampire knights (D)
  22 ogres (D)
  8 liches (D)
  4 hydras (D)
  48 orcs (D)
  4 phantoms (D)
  7 hill giants (D)
  2 skeletal warriors (D)
  A sea snake (D)
  5 large abominations (D)
  5 small abominations (D)
  8 crawling corpses (D)
141 creatures vanquished.

Vanquished Creatures (others)
  A crawling corpse (D)
1 creature vanquished.

Grand Total: 142 creatures vanquished

Notes
Turn   | Place    | Note
--------------------------------------------------------------
     0 | D        | ztt the Ghoul Warper began the quest for the Orb.
     0 | D        | Reached XP level 1. HP: 17/17 MP: 2/2
     3 | D        | Noticed a bag of meat
     3 | D        | Noticed a bag of meat
     4 | D        | Became a worshipper of Makhleb the Destroyer
     5 | D        | Noticed a bag of meat
     6 | D        | Noticed a bag of meat
     6 | D        | Noticed a bag of meat
     7 | D        | Noticed a meat berserker
     7 | D        | Noticed a meat berserker
     7 | D        | Killed a bag of meat
     7 | D        | Reached skill level 11 in Fighting
     7 | D        | Reached skill level 10 in Spellcasting
     7 | D        | Reached skill level 17 in Translocations
     7 | D        | Reached XP level 2. HP: 20/40 MP: 2/12
     7 | D        | Reached XP level 3. HP: 23/47 MP: 2/13
     7 | D        | Reached XP level 4. HP: 26/55 MP: 2/15
     7 | D        | Reached XP level 5. HP: 28/60 MP: 2/16
     7 | D        | Reached XP level 6. HP: 31/68 MP: 2/18
     7 | D        | Reached XP level 7. HP: 33/74 MP: 2/19
     7 | D        | Reached XP level 8. HP: 36/82 MP: 2/21
     7 | D        | Reached XP level 9. HP: 39/89 MP: 2/22
     7 | D        | Reached XP level 10. HP: 41/95 MP: 2/23
     7 | D        | Reached XP level 11. HP: 44/102 MP: 2/24
     7 | D        | Reached XP level 12. HP: 47/110 MP: 2/25
     8 | D        | Noticed a bag of meat
     8 | D        | Noticed a bag of meat
     8 | D        | Killed a bag of meat
     8 | D        | Acquired Makhleb's first power
     8 | D        | Reached skill level 20 in Translocations
     8 | D        | Reached XP level 13. HP: 49/119 MP: 2/28
     9 | D        | Noticed a bag of meat
     9 | D        | Noticed a bag of meat
     9 | D        | Noticed a bag of meat
     9 | D        | Killed a meat berserker
     9 | D        | Reached skill level 15 in Fighting
     9 | D        | Reached skill level 23 in Translocations
     9 | D        | Reached XP level 14. HP: 127/135 MP: 2/30
     9 | D        | Killed a bag of meat
     9 | D        | Acquired Makhleb's second power
     9 | D        | Reached skill level 5 in Throwing
     9 | D        | Reached skill level 24 in Translocations
     9 | D        | Reached XP level 15. HP: 133/143 MP: 2/32
     9 | D        | Killed a bag of meat
     9 | D        | Reached skill level 5 in Armour
     9 | D        | Reached skill level 15 in Spellcasting
     9 | D        | Reached skill level 25 in Translocations
    10 | D        | Noticed a bag of meat
    10 | D        | Noticed a bag of meat
    10 | D        | Noticed a bag of meat
    10 | D        | Killed a meat berserker
    10 | D        | Acquired Makhleb's third power
    10 | D        | Reached skill level 15 in Dodging
    10 | D        | Reached skill level 27 in Translocations
    10 | D        | Reached XP level 16. HP: 152/157 MP: 3/35
    10 | D        | Killed a bag of meat
    10 | D        | Killed a bag of meat
    10 | D        | Reached XP level 17. HP: 166/171 MP: 3/38
    11 | D        | Noticed a bag of meat
    11 | D        | Noticed a bag of meat
    11 | D        | Noticed a bag of meat
    11 | D        | Noticed a bag of meat
    11 | D        | Killed a bag of meat
    11 | D        | Acquired Makhleb's fourth power
    13 | D        | Noticed a bag of meat
    13 | D        | Killed a bag of meat
    13 | D        | Killed a bag of meat
    13 | D        | Acquired Makhleb's fifth power
    13 | D        | Reached XP level 18. HP: 184/188 MP: 3/41
    13 | D        | Killed a bag of meat
    15 | D        | Killed a bag of meat
    15 | D        | Killed a bag of meat
    16 | D        | Noticed a large bag of meat
    16 | D        | Killed a bag of meat
    16 | D        | Reached XP level 19. HP: 201/205 MP: 4/44
    16 | D        | Killed a bag of meat
    16 | D        | Reached skill level 27 in Fighting
    16 | D        | Killed a bag of meat
    16 | D        | Reached skill level 10 in Throwing
    16 | D        | Killed a bag of meat
    19 | D        | Noticed a meat berserker
    19 | D        | Noticed a bag of meat
    19 | D        | Noticed a bag of meat
    20 | D        | Noticed a bag of meat
    20 | D        | Noticed a bag of meat
    21 | D        | Noticed a bag of meat
    21 | D        | Noticed a large bag of meat
    21 | D        | Noticed a destroyer
    21 | D        | Noticed a meat berserker
    21 | D        | Noticed a bag of meat
    21 | D        | Noticed a large bag of meat
    22 | D        | Killed a bag of meat
    22 | D        | Reached skill level 27 in Axes
    22 | D        | Reached skill level 10 in Armour
    22 | D        | Killed a meat berserker
    22 | D        | Reached XP level 20. HP: 216/216 MP: 6/48
    23 | D        | Noticed a bag of meat
    23 | D        | Killed a bag of meat
    23 | D        | Killed a bag of meat
    23 | D        | Reached skill level 27 in Dodging
    23 | D        | Reached skill level 27 in Spellcasting
    24 | D        | Noticed a meat berserker
    24 | D        | Noticed a destroyer
    24 | D        | Killed a destroyer
    24 | D        | Reached XP level 21. HP: 224/224 MP: 6/51
    26 | D        | Noticed a large bag of meat
    26 | D        | Noticed a large bag of meat
    27 | D        | Killed a bag of meat
    27 | D        | Killed a bag of meat
    27 | D        | Killed a large bag of meat
    28 | D        | Killed a meat berserker
    28 | D        | Reached XP level 22. HP: 233/233 MP: 6/52
    29 | D        | Noticed a meat berserker
    29 | D        | Noticed a destroyer
    29 | D        | Killed a large bag of meat
    29 | D        | Killed a large bag of meat
    29 | D        | Reached skill level 27 in Throwing
    29 | D        | Killed a bag of meat
    29 | D        | Reached skill level 27 in Armour
    29 | D        | Killed a bag of meat
    30 | D        | Noticed a bag of meat
    30 | D        | Noticed a destroyer
    30 | D        | Noticed a bag of meat
    31 | D        | Noticed a meat berserker
    31 | D        | Killed a meat berserker
    31 | D        | Reached skill level 15 in Stealth
    31 | D        | Killed a bag of meat
    31 | D        | Reached XP level 23. HP: 240/240 MP: 7/53
    31 | D        | Killed a destroyer
    32 | D        | Noticed a meat berserker
    32 | D        | Killed a large bag of meat
    32 | D        | Killed a bag of meat
    33 | D        | Noticed a bag of meat
    33 | D        | Killed a large bag of meat
    34 | D        | Noticed a bag of meat
    34 | D        | Noticed a destroyer
    34 | D        | Killed a destroyer
    34 | D        | Reached skill level 27 in Stealth
    34 | D        | Reached XP level 24. HP: 249/249 MP: 8/53
    34 | D        | Killed a meat berserker
    34 | D        | Reached skill level 27 in Unarmed Combat
    34 | D        | Reached skill level 27 in Invocations
    35 | D        | Killed a meat berserker
    35 | D        | Killed a meat berserker
    35 | D        | Reached XP level 25. HP: 257/257 MP: 8/53
    36 | D        | Noticed a bag of meat
    36 | D        | Killed a destroyer
    36 | D        | Killed a destroyer
    37 | D        | Noticed a meat berserker
    37 | D        | Noticed a destroyer
    38 | D        | Noticed a bag of meat
    38 | D        | Noticed a bag of meat
    39 | D        | Noticed a bag of meat
    39 | D        | Noticed a destroyer
    39 | D        | Noticed a bag of meat
    39 | D        | Noticed a bag of meat
    39 | D        | Noticed a bag of meat
    39 | D        | Noticed a bag of meat
    40 | D        | Noticed a sculptor of flesh
    40 | D        | Killed a bag of meat
    40 | D        | Killed a bag of meat
    40 | D        | Killed a bag of meat
    40 | D        | Reached XP level 26. HP: 266/266 MP: 9/53
    41 | D        | Killed a meat berserker
    43 | D        | Killed a bag of meat
    43 | D        | Killed a bag of meat
    43 | D        | Killed a destroyer
    44 | D        | Killed a bag of meat
    44 | D        | Reached XP level 27. HP: 273/273 MP: 10/53
    44 | D        | Killed a bag of meat
    44 | D        | Killed a bag of meat
    44 | D        | Killed a bag of meat
    45 | D        | Noticed an accursed
    45 | D        | Killed a bag of meat
    48 | D        | Killed a bag of meat
    48 | D        | Killed a bag of meat
    50 | D        | Noticed a tyrant
    50 | D        | Killed a destroyer
    50 | D        | Killed an accursed
    51 | D        | Noticed a tyrant
    52 | D        | Killed a sculptor of flesh
    54 | D        | Noticed a destroyer
    54 | D        | Killed a tyrant
    55 | D        | Noticed a tyrant
    56 | D        | Noticed an accursed
    57 | D        | Noticed a tyrant
    58 | D        | Noticed a meat berserker
    59 | D        | Killed a meat berserker
    60 | D        | Killed a destroyer
    63 | D        | Noticed a destroyer
    64 | D        | Noticed a meat berserker
    65 | D        | Noticed a dread
    68 | D        | Noticed a meat berserker
    69 | D        | Killed a destroyer
    70 | D        | Noticed a meat berserker
    70 | D        | Killed a meat berserker
    71 | D        | Noticed a dread
    71 | D        | Killed a tyrant
    71 | D        | Killed a tyrant
    72 | D        | Killed a tyrant
    73 | D        | Noticed an accursed
    74 | D        | Noticed a bag of meat
    74 | D        | Killed a dread
    74 | D        | Killed a meat berserker
    74 | D        | Killed a dread
    76 | D        | Noticed a wretched soul
    76 | D        | Noticed a meat berserker
    77 | D        | Killed a meat berserker
    79 | D        | Noticed a bag of meat
    79 | D        | Killed a bag of meat
    80 | D        | Noticed a tyrant
    80 | D        | Killed a wretched soul
    81 | D        | Noticed a bag of meat
    82 | D        | Noticed a wretched soul
    82 | D        | Noticed a meat beast
    82 | D        | Noticed a wretched soul
    82 | D        | Killed a wretched soul
    83 | D        | Noticed a meat berserker
    83 | D        | Noticed a dread
    83 | D        | Killed a meat berserker
    84 | D        | Noticed a meat berserker
    84 | D        | Noticed a meat berserker
    84 | D        | Noticed a sculptor of flesh
    84 | D        | Noticed a bag of meat
    84 | D        | Noticed a dread
    85 | D        | Noticed a bag of meat
    85 | D        | Noticed a wretched soul
    86 | D        | Killed a wretched soul
    87 | D        | Noticed a bag of meat
    87 | D        | Killed a bag of meat
    87 | D        | Killed a meat berserker
    87 | D        | Killed a meat beast
    87 | D        | Killed a bag of meat
    89 | D        | Noticed a meat berserker
    90 | D        | Noticed a large bag of meat
    90 | D        | Noticed a bag of meat
    90 | D        | Noticed a meat berserker
    90 | D        | Noticed a bag of meat
    90 | D        | Noticed a bag of meat
    90 | D        | Noticed a tyrant
    90 | D        | Noticed a destroyer
    90 | D        | Noticed a bag of meat
    90 | D        | Noticed a meat berserker
    90 | D        | Noticed a bag of meat
    91 | D        | Killed a bag of meat
    91 | D        | Killed a destroyer
    91 | D        | Killed a meat berserker
    92 | D        | Killed a wretched soul
    93 | D        | Killed a tyrant
    93 | D        | Killed a meat berserker
    94 | D        | Killed a tyrant
    95 | D        | Noticed a bag of meat
    95 | D        | Noticed a dread
    96 | D        | Noticed an accursed
    96 | D        | Killed a meat berserker
    96 | D        | Killed a bag of meat
    96 | D        | Killed an accursed
    98 | D        | Noticed a tyrant
    98 | D        | Killed a bag of meat
    98 | D        | Killed a large bag of meat
    98 | D        | Killed a bag of meat
    98 | D        | Killed a meat berserker
    99 | D        | Killed a bag of meat
    99 | D        | Killed a dread
   100 | D        | Noticed The Defiler
   100 | D        | Noticed an observer
   100 | D        | Killed a meat berserker
   100 | D        | Killed a bag of meat
   102 | D        | Killed a bag of meat
   104 | D        | Killed a dread
   106 | D        | Killed a dread
   107 | D        | Killed an accursed
   108 | D        | Killed an observer
   111 | D        | Noticed a destroyer
   112 | D        | Noticed a tyrant
   113 | D        | Killed an accursed
   115 | D        | Killed a destroyer
   118 | D        | Killed a tyrant
   121 | D        | Killed a bag of meat
   123 | D        | Noticed a fleshlord
   123 | D        | Killed a fleshlord
   149 | D        | Noticed a meat berserker
   151 | D        | Noticed a dread
   153 | D        | Killed a meat berserker
   158 | D        | Killed a sculptor of flesh
   159 | D        | Noticed a meat beast
   161 | D        | Noticed a fleshlord
   162 | D        | Killed a meat beast
   164 | D        | Noticed a fleshlord
   169 | D        | Killed a fleshlord
   182 | D        | Noticed a large bag of meat
   183 | D        | Noticed a fleshlord
   183 | D        | Noticed a meat berserker
   185 | D        | Killed a fleshlord
   185 | D        | Killed a large bag of meat
   186 | D        | Noticed a fleshlord
   186 | D        | Killed a meat berserker
   187 | D        | Noticed a destroyer
   187 | D        | Noticed a wretched soul
   188 | D        | Noticed a meat berserker
   188 | D        | Noticed an observer
   188 | D        | Killed a fleshlord
   188 | D        | Noticed a fleshlord
   190 | D        | Killed a tyrant
   191 | D        | Mangled by a fleshlord

Vault maps used:
D:        meatsprint

Action                   |  1- 3 |  4- 6 |  7- 9 | 10-12 | 13-15 | 16-18 | 19-21 | 22-24 | 25-27 || total
-------------------------+-------+-------+-------+-------+-------+-------+-------+-------+-------++-------
Melee: Executioner's axe |     1 |       |       |     1 |     2 |     4 |     5 |     6 |    65 ||    84
 Cast: Apportation       |       |       |       |       |       |       |     1 |       |       ||     1
